 Dungeon Crawl Stone Soup version 0.21.1-1-g345015f (webtiles) character file.

57 timruff the Skirmisher (level 4, -6/44 HPs)
             Began as a Naga Berserker on July 23, 2018.
             Was a Follower of Trog.
             Mangled by a gnoll
             ... wielding a +0 spear
              (9 damage)
             ... on level 2 of the Dungeon.
             The game lasted 00:04:31 (1437 turns).

timruff the Skirmisher (Naga Berserker)             Turns: 1437, Time: 00:04:32

Health: -6/44      AC:  7    Str: 21    XL:     4   Next: 0%
Magic:  4/4        EV:  7    Int:  7    God:    Trog [*.....]
Gold:   79         SH:  0    Dex: 10    Spells: 3/3 levels left

rFire    . . .     SeeInvis +   a - +0 hand axe
rCold    . . .     Gourm    .   (no shield)
rNeg     . . .     Faith    .   f - +0 leather armour
rPois    +         Spirit   .   (no helmet)
rElec    .         Reflect  .   (no cloak)
rCorr    .         Harm     .   (no gloves)
MR       .....                  e - +0 naga barding
Stlth    +.........             (no amulet)
HPRegen  0.14/turn              (no ring)
MPRegen  0.09/turn              (no ring)

@: berserk cooldown, slowed, very slow
A: large, see invisible, deformed body, poison resistance, slowness 2, slow
metabolism 1, spit poison 1, AC +1
a: Spit Poison, Berserk, Burn Spellbooks, Renounce Religion


You were on level 2 of the Dungeon.
You worshipped Trog.
Trog was aware of your devotion.
You were not hungry.

You visited 1 branch of the dungeon, and saw 2 of its levels.

You collected 79 gold pieces.

Inventory:

Hand Weapons
 a - a +0 hand axe (weapon)
Armour
 b - a +0 animal skin
 e - a +0 naga barding (worn)
 f - a +0 leather armour (worn)
Jewellery
 h - an uncursed ring of protection from magic {unknown}
Scrolls
 i - a scroll of teleportation {unknown}
 j - a scroll of enchant weapon {unknown}
 k - a scroll of blinking {unknown}
 l - a scroll of identify {unknown}
Potions
 d - a potion of flight {unknown}
 g - a potion of brilliance {unknown}
Comestibles
 c - 2 rations


   Skills:
 + Level 3.7 Fighting
 + Level 3.6 Axes
 + Level 1.8 Armour
 + Level 1.9 Dodging
 + Level 0.8 Stealth


You had 3 spell levels left.
You didn't know any spells.

Dungeon Overview and Level Annotations

Branches:
Dungeon (2/15)

Altars:


Innate Abilities, Weirdness & Mutations

You cannot wear boots.
Your serpentine skin is tough. (AC +1)
You have supernaturally acute eyesight. (SInv)
Armour fits poorly on your strangely shaped body.
Your system is resistant to poisons. (rPois)
You cover ground very slowly.
You have a slow metabolism.
You can spit poison.


Message History

* * * LOW HITPOINT WARNING * * *
Things that are here:
a whip; a club You hit the gnoll.
The gnoll is lightly wounded.
The gnoll hits you but does no damage. The gnoll hits you with a spear.
* * * LOW HITPOINT WARNING * * *
Okay, then.
Okay, then.
You barely miss the gnoll.
The gnoll is lightly wounded.
The gnoll hits you but does no damage.
You hit the gnoll.
The gnoll is heavily wounded.
The gnoll hits you with a spear.
* * * LOW HITPOINT WARNING * * *
The gnoll closely misses you.
Unknown command.
The gnoll hits you from afar with a spear!
You die...

#....##........
##....##..>...<.
####
#.....##........
#...
#...<.##........
#...
#.###.##########
#... #.# #.#####
## #... #.#
#.....## ##.
#...###.# #####).#
#.. #...)@..#
##.###..
#...g##..# #..##..
#.... #..##
##.##.. #......
#...## #.##..
.##.... #.#..#
#...). ...###
#.##.# ###... ..#.
#.##.##########..
..#
#.##...#........#
.#.####...########


You could see a gnoll.

Vanquished Creatures
  2 gnolls (D:2)
  A worm (D:2)
  3 leopard geckos (D:1)
  5 bats
  4 giant cockroaches
  2 goblins
  6 hobgoblins
  3 frilled lizards
  3 kobolds
29 creatures vanquished.

Notes
Turn   | Place    | Note
-------+----------+-------------------------------------------
     0 | D:1      | timruff the Naga Berserker began the quest for the Orb.
     0 | D:1      | Reached XP level 1. HP: 21/21 MP: 1/1
   191 | D:1      | Reached XP level 2. HP: 25/28 MP: 2/2
   833 | D:1      | Reached XP level 3. HP: 30/34 MP: 3/3
  1432 | D:2      | Reached XP level 4. HP: 19/44 MP: 4/4
  1436 | D:2      | HP: 2/44 [gnoll/spear (4)]
  1437 | D:2      | Mangled by a gnoll

Action                   |  1- 3 |  4- 6 || total
-------------------------+-------+-------++-------
Melee: Hand axe          |   107 |     3 ||   110
Invok: Berserk           |     2 |       ||     2
  Use: Scroll            |     1 |       ||     1
 Stab: Sleeping          |     1 |       ||     1
  Eat: Ration            |     1 |       ||     1
Armor: Animal skin       |    19 |       ||    19
       Leather armour    |    65 |     2 ||    67
Dodge: Dodged            |    60 |     1 ||    61
